 Dungeon Crawl Stone Soup version 0.17-a0-1954-g0dddeaa (webtiles) character file.

191 kosy22 the Skirmisher (level 5, -2/49 HPs)
             Began as a Naga Fighter on Oct 3, 2015.
             Slain by an ogre
             ... wielding a +0 giant club
              (27 damage)
             ... on level 3 of the Dungeon on Oct 4, 2015.
             The game lasted 00:08:00 (2959 turns).

kosy22 the Skirmisher (Naga Fighter)                Turns: 2959, Time: 00:08:00

Health: -2/49      AC:  9    Str: 19    XL:     5   Next: 70%
Magic:  5/5        EV:  6    Int:  8    God:
Gold:   129        SH:  9    Dex: 11    Spells: 0 memorised, 4 levels left

rFire  . . .     SeeInvis +     h - +4 dagger (elec)
rCold  . . .     Clarity  .     b - +0 scale mail
rNeg   . . .     SustAt   .     c - +0 shield
rPois  +         Gourm    .     (no helmet)
rElec  .         Spirit   .     u - +0 cloak
rCorr  .         Warding  .     v - +2 pair of gloves
rMut   .         Stasis   .     (no barding)
MR     .....                    g - amulet of regeneration
Stlth  ..........               (no ring)
                                (no ring)

@: very slow, not resistant to hostile enchantments, extremely unstealthy
A: see invisible, deformed body, poison resistance, slowness 2, slow metabolism
1, spit poison 2, AC +1
a: Spit Poison


You were on level 3 of the Dungeon.
You were not hungry.

You visited 1 branch of the dungeon, and saw 3 of its levels.

You collected 129 gold pieces.

Inventory:

Hand weapons
 a - a +0 war axe
 h - a +4 dagger of electrocution (weapon)
Missiles
 m - 2 large rocks
Armour
 b - a +0 scale mail (worn)
 c - a +0 shield (worn)
 u - a +0 cloak (worn)
 v - a +2 pair of gloves (worn)
Jewellery
 g - an amulet of regeneration (around neck)
Scrolls
 i - a scroll of remove curse
 p - a scroll of amnesia
Potions
 d - a potion of might
 f - a potion of heal wounds {unknown}
 j - a potion of mutation {unknown}
 l - a potion of cure mutation
 o - a potion of lignification
 s - a potion of poison {unknown}
 t - 2 potions of curing {unknown}
Comestibles
 q - 2 bread rations
 r - a beef jerky


   Skills:
 + Level 3.6 Fighting
 + Level 0.4 Short Blades
 + Level 2.0 Axes
 + Level 3.3 Armour
 + Level 1.8 Dodging
 + Level 0.9 Stealth
 + Level 3.3 Shields


You had 4 spell levels left.
You didn't know any spells.

Dungeon Overview and Level Annotations

Branches:
Dungeon (3/15)

Altars:
Cheibriados
Fedhas
Trog
Yredelemnul


Innate Abilities, Weirdness & Mutations

You cannot wear boots.
Your serpentine skin is tough (AC +1).
You have supernaturally acute eyesight.
Armour fits poorly on your strangely shaped body.
Your system is resistant to poisons.
You cover ground very slowly.
You have a slow metabolism.
You can spit poison.


Message History

You block the ogre's attack.
You hit the ogre.
The ogre is moderately wounded.
You block the ogre's attack.
You hit the ogre but do no damage.
The ogre is moderately wounded.
You hit the ogre.
The ogre is moderately wounded.
The ogre barely misses you.
You hit the ogre.
The ogre is heavily wounded.
The ogre hits you with a giant club.
You barely miss the ogre.
The ogre is heavily wounded.
The ogre hits you with a giant club!!
You hit the ogre.
The ogre is severely wounded.
The ogre hits you with a giant club!!
Ouch! That really hurt!
You die...

#### ###...## #........# ##.
#......# #........# #. #.#...##
#.#.###..# #. # #.##.##
#.#.###..# ##' ## #.####
#.#..##.># ##.. .## #.###
#.##.##..###... ..## #.#.##
#.#...#..##....
...###....#########........#.....
...............)@O.........'.....
..........#########.......##.....
...###..)### #.......###.>.. .#.#
#.....# ###...### ##... ##.#
##.##.# #...# ##.. ##.# #.##.#
##.## ##' #.####.##.# #.# #..
##......##.# #.# #.. .#########.#
#.# #..


You could see an ogre.

Vanquished Creatures
  2 orc priests (D:3)
  3 adders (D:2)
  An ooze (D:3)
  3 giant geckos
  10 orcs (D:3)
  2 ball pythons
  5 bats
  5 giant cockroaches
  9 goblins
  8 hobgoblins
  7 jackals (D:3)
  14 kobolds
  2 quokkas
  4 giant newts
  7 rats
82 creatures vanquished.

Notes
Turn   | Place    | Note
--------------------------------------------------------------
     0 | D:1      | kosy22 the Naga Fighter began the quest for the Orb.
     0 | D:1      | Reached XP level 1. HP: 21/21 MP: 1/1
   109 | D:1      | Reached XP level 2. HP: 26/28 MP: 2/2
   620 | D:1      | Reached XP level 3. HP: 34/34 MP: 3/3
   880 | D:2      | Found a snail-covered altar of Cheibriados.
   885 | D:2      | Found a bloodstained altar of Trog.
   886 | D:2      | Found a blossoming altar of Fedhas.
   888 | D:2      | Found a basalt altar of Yredelemnul.
  1530 | D:2      | Reached XP level 4. HP: 37/42 MP: 4/4
  1627 | D:2      | Reached skill level 1 in Dodging
  1801 | D:3      | Reached XP level 5. HP: 11/49 MP: 5/5
  2938 | D:3      | Noticed an ogre
  2959 | D:3      | Slain by an ogre

Vault maps used:
D:1:      matt_arrival_los_fun, hangedman_decor_slide_cut
D:2:      grunt_temple_overflow_open
D:3:      lemuel_upstairs_altar

Action                   |  1- 3 |  4- 6 || total
-------------------------+-------+-------++-------
Melee: War axe           |    30 |       ||    30
       Dagger            |    97 |   151 ||   248
 Abil: Spit Poison       |       |     1 ||     1
  Use: Scroll            |     5 |     4 ||     9
       Potion            |     1 |       ||     1
  Eat: Bread ration      |     1 |     1 ||     2
       Royal jelly       |     1 |       ||     1
